 Dungeon Crawl Stone Soup version 0.17-a0-18-gc25b939 (console) character file.

22640 Monkaria the Fencer (level 12, -1/159 HPs)
             Began as a Minotaur Chaos Knight on Mar 6, 2015.
             Slain by a six-headed hydra (9 damage)
             ... on level 4 of the Lair of Beasts.
             The game lasted 01:02:20 (15682 turns).

Monkaria the Fencer (Minotaur Chaos Knight)        Turns: 15682, Time: 01:02:21

Health: -1/159     AC: 31    Str: 19    XL:     12   Next: 64%
Magic:  27/27      EV:  2    Int:  9    God:    Xom [...*..]
Gold:   336        SH:  0    Dex: 18    Spells: 0 memorised, 11 levels left

rFire  . . .     SeeInvis .     B - +2 morningstar (protect)
rCold  . . .     Clarity  .     p - melded +4 ring mail {MR+}
rNeg   + + +     SustAb   +     (no shield)
rPois  +         Gourm    .     (helmet currently unavailable)
rElec  .         Spirit   .     j - melded +0 cloak
rCorr  .         Warding  .     K - melded +1 pair of gloves {archery}
rMut   .         NoTele   +     m - melded +0 pair of boots
MR     +....                    (no amulet)
Stlth  ++........               i - ring of sustain abilities
                                o - ring "Ekiod" {MP+9 Dex+5}

@: tree-form, somewhat resistant to hostile enchantments, unstealthy
A: (retaliatory headbutt), (claws 0), (horns 0), deterioration 1, magic
resistance 1, mutation resistance 1
a: Renounce Religion


You were on level 4 of the Lair of Beasts.
You worshipped Xom.
You were a favourite toy of Xom.
You were hungry.
You were a tree.
You visited 3 branches of the dungeon, and saw 16 of its levels.
You also visited: Labyrinth and Sewer.

You collected 724 gold pieces.
You spent 388 gold pieces at shops.

Inventory:

Hand weapons
 a - a +0 triple sword of chaos
 B - a +2 morningstar of protection (weapon)
 C - the +5 Sword of Power
   (You found it in a labyrinth)
 H - a +0 flail of holy wrath
 V - a +4 great sword of freezing
Missiles
 X - 2 curare-tipped needles
Armour
 j - a +0 cloak (melded)
 m - a +0 pair of boots (melded)
 p - a +4 ring mail of magic resistance (melded)
 K - a +1 pair of gloves of archery (melded)
Rods
 t - a +0 rod of clouds (8/14)
   (You found it on level 5 of the Dungeon)
Jewellery
 i - a ring of sustain abilities (right branch)
 o - the ring "Ekiod" (left branch) {MP+9 Dex+5}
   (You took it off a minotaur in a labyrinth)

   [ring of dexterity]

   It affects your dexterity (+5).
   It affects your magic capacity (+9).
 v - an uncursed ring of ice
 Q - an uncursed ring of protection from fire
Magical devices
 e - a wand of cold (8)
 r - a wand of polymorph (4)
 y - a wand of confusion (30)
 z - a wand of frost (12)
 L - a wand of random effects (18)
 M - a wand of paralysis (2)
Scrolls
 b - 2 scrolls of fear
 h - 2 scrolls of brand weapon
 u - a scroll of magic mapping
 x - a scroll of enchant armour
 A - 2 scrolls of fog
 I - a scroll of immolation
 N - 2 scrolls of remove curse
 T - 2 scrolls of teleportation
Potions
 d - 2 potions of haste
 k - 3 potions of agility
 l - 3 potions of curing
 q - a potion of restore abilities
 s - a potion of resistance
 F - a potion of flight
 G - a potion of magic
 O - 2 potions of ambrosia
 W - a potion of invisibility
Books
 w - the Volume of the Entourage
   (You found it on level 4 of the Lair of Beasts)

   Spells                             Type                      Level
   a - Summon Butterflies             Summoning                    1
   b - Call Canine Familiar           Summoning                    3
   c - Spellforged Servitor           Conjuration/Summoning        7
Comestibles
 c - 11 bread rations
 f - a meat ration
 g - 3 chunks of flesh
 E - a beef jerky


   Skills:
 - Level 10.0 Fighting
 - Level 16.0 Long Blades
 + Level 12.5 Armour
 - Level 8.1 Dodging
 - Level 7.0 Evocations


You had 11 spell levels left.
You didn't know any spells.

Dungeon Overview and Level Annotations

Branches:
Dungeon (10/15)            Temple (1/1) D:4            Lair (5/8) D:9
  Swamp (0/5) Lair:3       Spider (0/5) Lair:4          Orc (0/4) D:9

Altars:
Ashenzari
Cheibriados
Dithmenos
Elyvilon
Fedhas
Gozag
Kikubaaqudgha
Makhleb
Nemelex Xobeh
Okawaru
Qazlal
Ru
Sif Muna
Trog
Vehumet
Xom
Yredelemnul
Zin
The Shining One
Lugonu

Shops:
D:7 !(*[

Portals:
Labyrinth: Lair:2
Trove: D:10 (give +5 demon blade)


Innate Abilities, Weirdness & Mutations

((You reflexively headbutt those who attack you in melee.))
((You have a pair of horns on your head.))
((You have sharp fingernails.))
Your body is slowly deteriorating.
You are resistant to hostile enchantments.
You are somewhat resistant to further mutation.


Message History

Your aim is not that steady anymore.
You feel less resistant to hostile enchantments.
Your roots penetrate the ground.
The six-headed hydra bites you but does no damage.
The six-headed hydra bites you.
* * * LOW HITPOINT WARNING * * *
The six-headed hydra bites you but does no damage. x4
You sock the six-headed hydra!
The six-headed hydra is heavily wounded.
The six-headed hydra bites you.
* * * LOW HITPOINT WARNING * * *
The six-headed hydra bites you but does no damage. x2
The six-headed hydra bites you.
* * * LOW HITPOINT WARNING * * *
The six-headed hydra bites you but does no damage. x2
The six-headed hydra bites you.
* * * LOW HITPOINT WARNING * * *
The six-headed hydra bites you!
You die...
Xom cackles wildly!

#....#### #.....#.# .......## ###
##### ..#§....#######.##
#####...######
##.P§...P..##....###..#........#.
##...§...........................
#................................
##...§...........................
.>.............≈♣................
.....§......§≈.§D§...............
............§§§§§................
.#...........§§§§................
..............§§§................
.....§........§§.≈...............
...............§§................
....P.##...(...#§##.#.####.#.....
.....P###.....P.####.#######..#.#


You could see a six-headed hydra.

Vanquished Creatures
  A minotaur (Lab)
  Nergalle (Lair:3)
  The ghost of Monkaria the Protected, an experienced MiCK of Xom (D:9)
  2 hill giants (D:10)
  2 griffons (Lair:4)
  4 elephants
  Maurice (D:8)
  2 black mambas
  7 spiny frogs
  3 komodo dragons
  The ghost of haldagan the Poker, an average FoBe of Trog (D:5)
  A trapdoor spider zombie (D:9)
  Grinder (D:4)
  A basilisk (Lair:3)
  A wyvern (Lair:1)
  7 hippogriffs
  21 yaks
  6 wolves (Lair:2)
  7 porcupines
  6 swamp worms (Lair:3)
  4 orc warriors
  An ice beast (D:6)
  Purgy (Sewer)
  3 sky beasts
  6 water moccasins
  2 phantoms
  An eye of draining (D:10)
  3 ogres
  4 black bears
  A wasp (D:10)
  5 centaurs
  7 crocodiles
  Duvessa (D:4)
  7 giant frogs
  A big kobold (D:10)
  Blork the orc (D:3)
  A gnoll sergeant (D:5)
  13 killer bees
  3 scorpions
  6 wights
  3 electric eels
  2 goliath beetles (D:9)
  Dowan (D:4)
  A jelly (D:6)
  7 crimson imps
  A centaur zombie (D:5)
  A quasit (D:6)
  A centaur skeleton (D:9)
  3 gnoll shamans (D:6)
  5 hounds
  A giant frog skeleton (D:6)
  3 orc wizards
  6 iguanas
  2 iron imps (D:6)
  8 worker ants
  Jessica (D:2)
  A hound zombie (D:5)
  Terence (D:2)
  2 hound skeletons (D:5)
  A mummy (D:7)
  Robin (D:2)
  15 adders
  29 gnolls
  Natasha (twice) (D:4)
  25 river rats
  A shadow imp (D:8)
  2 giant mites
  A white imp (D:9)
  2 worms
  23 orcs
  4 ball pythons
  13 bats
  2 bat skeletons
  A bat zombie (D:7)
  6 giant cockroaches
  17 goblins
  13 hobgoblins
  24 jackals
  9 quokkas
  5 giant geckos
  6 giant newts (Sewer)
  16 kobolds
  A quokka zombie (D:7)
  15 rats
  2 ballistomycetes (D:6)
433 creatures vanquished.

Vanquished Creatures (collateral kills)
  A water moccasin (Lair:3)
  Natasha (D:4)
  A bat (D:4)
  2 jackals (D:7)
5 creatures vanquished.

Vanquished Creatures (others)
  2 ball lightnings (D:9)
  A human (D:6)
  2 iron imps
  A hound (D:4)
  A jelly (D:5)
  An orc priest (D:6)
  An orc wizard (D:6)
  2 gnolls (D:6)
  A shadow imp (Lair:3)
  2 orcs (D:6)
  A giant cockroach (D:6)
  2 jackals (D:6)
  2 giant spores (D:6)
19 creatures vanquished.

Grand Total: 457 creatures vanquished

Notes
Turn   | Place    | Note
--------------------------------------------------------------
     0 | D:1      | Monkaria, the Minotaur Chaos Knight, began the quest for the Orb.
     0 | D:1      | Reached XP level 1. HP: 19/19 MP: 1/1
    90 | D:1      | Reached skill level 4 in Fighting
    93 | D:1      | XOM: potion effect (experience)
    93 | D:1      | Reached skill level 6 in Fighting
    93 | D:1      | Reached skill level 8 in Long Blades
    93 | D:1      | Reached XP level 2. HP: 24/31 MP: 1/1
   132 | D:1      | Reached XP level 3. HP: 34/38 MP: 2/2
   462 | D:2      | Found an iron altar of Okawaru.
   583 | D:2      | Found an ancient bone altar of Kikubaaqudgha.
   639 | D:2      | Noticed Jessica
   647 | D:2      | Killed Jessica
   706 | D:2      | Noticed Robin
   714 | D:2      | Killed Robin
   714 | D:2      | Reached XP level 4. HP: 31/45 MP: 2/2
   759 | D:2      | Noticed Terence
   767 | D:2      | Killed Terence
   894 | D:2      | XOM: colour smoke trail
  1095 | D:2      | XOM: stat loss: -1 Int (9/9)
  1216 | D:3      | XOM: noise
  1483 | D:3      | Reached XP level 5. HP: 46/51 MP: 2/2
  1548 | D:3      | XOM: give mutation
  1548 | D:3      | Gained mutation: Your body is slowly deteriorating. [Xom's mischief]
  1879 | D:4      | Noticed Dowan
  1880 | D:4      | Noticed Duvessa
  1896 | D:4      | Killed Duvessa
  1896 | D:4      | Reached skill level 5 in Armour
  1896 | D:4      | Reached XP level 6. HP: 37/58 MP: 3/3
  1903 | D:4      | Killed Dowan
  1973 | D:4      | Found a staircase to the Ecumenical Temple.
  2038 | Temple   | Entered the Ecumenical Temple
  2282 | D:4      | Noticed Natasha
  2284 | D:4      | XOM: summons friendly iron imp
  2290 | D:4      | Killed Natasha
  2358 | D:4      | Noticed Blork the orc
  2360 | D:4      | XOM: divination: detect items
  2362 | D:4      | Noticed Grinder
  2363 | D:4      | XOM: divination: detect items
  2387 | D:3      | Killed Blork the orc
  2387 | D:3      | Reached XP level 7. HP: 31/66 MP: 3/3
  2463 | D:4      | XOM is BORED!
  2463 | D:4      | XOM: mild Pois miscast
  2602 | D:4      | Killed Grinder
  2623 | D:4      | XOM: vitrification
  2629 | D:4      | Noticed Natasha
  2642 | D:4      | Killed Natasha
  2662 | D:4      | Found a deep blue altar of Sif Muna.
  2759 | D:4      | Noticed Natasha
  2762 | D:4      | Killed Natasha
  2988 | D:5      | Entered Level 5 of the Dungeon
  3058 | D:5      | XOM: smoke on damage
  3073 | D:5      | XOM: mild Erth miscast
  3234 | D:5      | Reached XP level 8. HP: 73/73 MP: 3/3
  3346 | D:5      | Noticed haldagan's ghost (average FoBe)
  3353 | D:5      | XOM: summons friendly ufetubus
  3374 | D:5      | Killed haldagan's ghost
  3374 | D:5      | Reached skill level 9 in Long Blades
  3586 | D:5      | XOM is BORED!
  3586 | D:5      | XOM: noise
  3627 | D:5      | Reached skill level 10 in Long Blades
  3645 | D:5      | Identified a +0 rod of clouds (14/14) (You found it on level 5 of the Dungeon)
  3682 | D:5      | Got a transparent dagger
  3687 | D:5      | Identified the cursed -1 dagger of Qahuiwk {pierce, +Blink} (You found it on level 5 of the Dungeon)
  3700 | D:5      | XOM: destruction
  3832 | D:5      | Found a white marble altar of Elyvilon.
  4117 | D:6      | Got a smoking leather armour
  4211 | D:6      | XOM: destruction
  4213 | D:6      | XOM: 3-stop teleportation journey
  4239 | D:6      | Found a glowing drain.
  4279 | Sewer    | Entered a sewer
  4327 | Sewer    | Noticed Purgy
  4339 | Sewer    | XOM: noise
  4342 | Sewer    | XOM: harmless Air miscast
  4344 | Sewer    | Killed Purgy
  4380 | Sewer    | XOM: silly message
  4531 | D:6      | Reached skill level 11 in Long Blades
  4557 | D:6      | XOM: chaos cloud
  4600 | D:6      | XOM: polymorph gnoll -> jelly
  4621 | D:6      | XOM: summons 4 hostile demons
  4679 | D:6      | XOM: silly message
  4694 | D:6      | XOM: enchant monster (good)
  4718 | D:5      | XOM: harmless Fire miscast
  4945 | D:5      | XOM: confusion (+ monsters)
  4965 | D:5      | Reached XP level 9. HP: 79/79 MP: 4/4
  5141 | D:6      | Reached skill level 12 in Long Blades
  5175 | D:6      | Gained mutation: You have sharp fingernails. [mutagenic meat]
  5176 | D:6      | Gained mutation: You are somewhat resistant to further mutation. [mutagenic meat]
  5258 | D:6      | XOM: mild Summ miscast
  5413 | D:6      | XOM: 1-stop teleportation journey
  5487 | D:6      | Found an ancient bone altar of Kikubaaqudgha.
  5549 | D:6      | XOM: medium Erth miscast
  5759 | D:6      | XOM: enchant monster (bad)
  6134 | D:6      | Identified the cursed -2 leather armour of the Cricket {rCorr} (You found it on level 6 of the Dungeon)
  6201 | D:7      | Found Noidop's Antique Armour Emporium.
  6204 | D:7      | Bought a pair of embroidered gloves for 112 gold pieces
  6244 | D:7      | Found Isiughax's Assorted Antiques.
  6251 | D:7      | Bought a silver wand for 108 gold pieces
  6308 | D:7      | Found Kliepp's Antique Weapon Shoppe.
  6311 | D:7      | Got an ominously black robe
  6736 | D:7      | Found Rufeloyth's Distillery.
  6741 | D:7      | Bought a potion of heal wounds for 70 gold pieces
  6741 | D:7      | Bought a potion of curing for 42 gold pieces
  6741 | D:7      | Bought a potion of might for 56 gold pieces
  6831 | D:8      | Noticed Maurice
  6837 | D:8      | XOM: harmless Conj miscast
  6853 | D:8      | Killed Maurice
  6866 | D:8      | Found a shattered altar of Ashenzari.
  7053 | D:8      | Reached skill level 5 in Dodging
  7076 | D:8      | Found a shimmering altar of Xom.
  7077 | D:8      | XOM: colour smoke trail
  7105 | D:8      | You fall through a shaft for 2 floors!
  7105 | D:10     | Entered Level 10 of the Dungeon
  7158 | D:10     | XOM: harmless Chrm miscast
  7182 | D:10     | Found a portal to a secret trove of treasure.
  7242 | D:10     | Reached XP level 10. HP: 88/88 MP: 0/4
  7292 | D:10     | Noticed a hill giant
  7312 | D:10     | Killed a hill giant
  7386 | D:10     | Noticed a hill giant
  7402 | D:10     | Killed a hill giant
  7835 | D:9      | XOM: harmless Pois miscast
  7849 | D:9      | Found a snail-covered altar of Cheibriados.
  7863 | D:8      | Reached skill level 1 in Evocations
  8082 | D:8      | XOM: cast spell 'Cause Fear'
  8196 | D:8      | XOM: colour smoke trail
  8212 | D:8      | Found a shimmering altar of Xom.
  8492 | D:9      | XOM: harmless Summ miscast
  8506 | D:9      | Found a staircase to the Orcish Mines.
  8533 | D:9      | Found a staircase to the Lair.
  8540 | D:9      | XOM: confuse monster(s)
  8543 | D:9      | XOM: divination: magic mapping
  8605 | D:8      | XOM: blink monster(s)
  8615 | D:8      | XOM: give mutations
  8615 | D:8      | Gained mutation: You are frail (-10% HP). [Xom's mischief]
  8615 | D:8      | Lost mutation: You are frail (-10% HP). [Xom's mischief]
  8615 | D:8      | Gained mutation: You are resistant to hostile enchantments. [Xom's mischief]
  8760 | D:8      | XOM: potion effect (might)
  8763 | D:8      | XOM: harmless Trmt miscast
  9050 | D:8      | Reached skill level 5 in Evocations
  9089 | D:8      | XOM: vitrification
  9169 | D:9      | XOM: mild Erth miscast
  9218 | D:9      | Found a radiant altar of Vehumet.
  9254 | D:9      | XOM: swap monsters
  9457 | D:9      | XOM: mild Fire miscast
  9509 | D:9      | Noticed Monkaria's ghost (experienced MiCK)
  9556 | D:9      | XOM: noise
  9566 | D:9      | XOM: mild Trmt miscast
  9589 | D:9      | XOM: confusion (+ monsters)
  9594 | D:9      | XOM: noise
  9705 | D:9      | Paralysed by Monkaria's ghost for 3 turns
  9709 | D:9      | Killed Monkaria's ghost
  9796 | D:9      | Reached XP level 11. HP: 67/94 MP: 16/16
  9799 | D:9      | XOM: mild Hex miscast
  9801 | D:9      | XOM: noise
  9821 | D:9      | XOM: enchant monster (good)
  9825 | D:9      | XOM: harmless Chrm miscast
  9962 | D:9      | Found a stormy altar of Qazlal.
  9962 | D:9      | Found an opulent altar of Gozag.
 10122 | D:9      | Reached skill level 13 in Long Blades
 10149 | D:9      | XOM: cast spell 'Conjure Ball Lightning'
 10329 | D:9      | XOM: colour smoke trail
 10409 | Lair:1   | Entered Level 1 of the Lair of Beasts
 10645 | D:9      | XOM: god gift: 26 gold pieces
 10651 | D:9      | XOM: summons 1 hostile demon
 10836 | D:9      | XOM: silly message
 11035 | Lair:1   | XOM: harmless Fire miscast
 11313 | Lair:1   | XOM: noise
 11320 | Lair:1   | XOM: confusion
 11595 | Lair:1   | Reached skill level 14 in Long Blades
 11604 | Lair:1   | XOM: silly message
 11783 | Lair:1   | XOM: medium Tloc miscast
 12159 | Lair:1   | XOM: mild Air miscast
 12235 | Lair:2   | XOM: repel stairs
 12287 | Lair:2   | XOM: severe Divn miscast
 12318 | Lair:2   | Reached skill level 10 in Fighting
 12330 | Lair:2   | Found a labyrinth entrance.
 12342 | Lab      | Entered a labyrinth
 12441 | Lab      | XOM: 4-stop teleportation journey
 12563 | Lab      | XOM: colour smoke trail
 12679 | Lab      | Noticed a minotaur
 12681 | Lab      | XOM: confusion
 12685 | Lab      | XOM: confuse monster(s)
 12689 | Lab      | XOM: fake destruction
 12699 | Lab      | Killed a minotaur
 12701 | Lab      | Got a transparent iron ring
 12743 | Lair:2   | Reached skill level 10 in Armour
 12775 | Lair:2   | XOM: 1-stop teleportation journey
 13019 | Lair:2   | XOM: silly message
 13264 | Lair:1   | XOM: divination: detect creatures
 13305 | Lair:1   | Identified the ring "Ekiod" {MP+9 Dex+5} (You took it off a minotaur in a labyrinth)
 13403 | Lair:3   | XOM: summons 3 friendly demons
 13481 | Lair:3   | Noticed Nergalle
 13482 | Lair:3   | XOM: potion effect (brilliance)
 13500 | Lair:3   | XOM: summons friendly iron imp
 13508 | Lair:3   | XOM: enchant monster (good)
 13672 | Lair:2   | XOM: god gift: glowing triple sword {god gift}
 13861 | Lair:3   | Reached XP level 12. HP: 106/106 MP: 18/18
 13889 | Lair:3   | Killed Nergalle
 13889 | Lair:3   | Reached skill level 15 in Long Blades
 13926 | Lair:3   | XOM: 1-stop teleportation journey
 14004 | Lair:3   | XOM: cast spell 'Necromutation'
 14057 | Lair:3   | XOM: smoke on damage
 14164 | Lair:3   | XOM: divination: detect creatures
 14205 | Lair:3   | XOM: divination: detect creatures
 14216 | Lair:3   | Found a staircase to the Swamp.
 14255 | Lair:3   | XOM: confuse monster(s)
 14663 | Lair:4   | Found a snail-covered altar of Cheibriados.
 14673 | Lair:4   | Identified the Volume of the Entourage
 14861 | Lair:4   | Found a hole to the Spider Nest.
 14870 | Lair:4   | Reached skill level 16 in Long Blades
 14873 | Lair:4   | XOM: divination: detect items
 14892 | Lair:4   | XOM: colour smoke trail
 14990 | Lair:4   | XOM: noise
 15019 | Lair:4   | XOM: divination: detect items
 15026 | Lair:4   | XOM: cast spell 'Stoneskin'
 15027 | Lair:4   | XOM: divination: detect items
 15325 | Lair:4   | XOM: god gift: scroll labeled DEUTHREL FAFEH
 15458 | Lair:5   | XOM: swap monsters
 15497 | Lair:5   | Noticed a six-headed hydra
 15497 | Lair:5   | XOM: snakes to sticks
 15498 | Lair:5   | XOM: divination: detect items
 15504 | Lair:5   | XOM: chaos cloud
 15514 | Lair:5   | XOM: confuse monster(s)
 15519 | Lair:5   | XOM: confuse monster(s)
 15568 | Lair:4   | XOM: god gift: potion of ambrosia
 15682 | Lair:4   | Slain by a six-headed hydra

Action                   |  1- 3 |  4- 6 |  7- 9 | 10-12 || total
-------------------------+-------+-------+-------+-------++-------
Melee: Falchion          |    29 |   115 |   249 |   264 ||   657
       Unarmed           |     2 |       |       |       ||     2
       Dagger            |       |       |   478 |       ||   478
       Flail             |       |       |     3 |       ||     3
       Great sword       |       |       |       |   392 ||   392
       Morningstar       |       |       |       |    10 ||    10
 Abil: Evoke Blink       |       |       |     4 |       ||     4
Evoke: Wand              |       |       |    17 |    10 ||    27
       Rod               |       |       |       |    10 ||    10
  Use: Scroll            |       |       |    16 |    14 ||    30
       Potion            |       |       |     8 |     5 ||    13
 Stab: Confused          |     1 |       |     6 |     1 ||     8
       Petrifying        |       |     1 |       |     2 ||     3
       Paralysed         |       |       |     7 |     7 ||    14
       Sleeping          |       |       |     7 |       ||     7
       Distracted        |       |       |     2 |       ||     2
  Eat: Chunk             |       |     5 |    20 |    28 ||    53
       Beef jerky        |       |       |       |     1 ||     1
       Royal jelly       |       |       |       |     1 ||     1
